Cogmind - Beta 15 @@@ ROGUE MODE // 2025.05.28 @ 13:00:29 Player: Ev Result: Destroyed by 3U-7V3(R) with Subdweller Machine Gun Performance ------------- Evolutions (0) 0 Regions Visited (3) 600 Robots Destroyed (16) 80 Value Destroyed (384) 384 Prototype IDs (2) 40 Alien Tech Used (0) 0 Bonus (0) 0 TOTAL SCORE: 1104 Bonus ------- None Cogmind --------- Core Integrity 0/250 Matter 285/300 Energy 160/160 System Corruption 0% Temperature Cool (70) Movement Walking (120) Location -10/Subcaves Parts ------- > --- POWER (1) -------- Light Nuclear Core > --- PROPULSION (2) --- Aluminum Leg Aluminum Leg > --- UTILITY (2) ------ (None) > --- WEAPON (2) ------- Beam Cannon Beam Cannon > --- INVENTORY (5) ---- Improved Heat Sink Sensor Array Beam Cannon Beam Cannon Rocket Launcher Peak State ------------ > --- POWER ------------ Light Nuclear Core > --- PROPULSION ------- Aluminum Leg Aluminum Leg > --- UTILITY ---------- Improved Heat Sink Improved Heat Sink > --- WEAPON ----------- Small Laser Light Assault Rifle > --- INVENTORY -------- Ion Engine [Rating: 13] Favorites ----------- Power Light Nuclear Core Engine Ion Engine Power Core Light Nuclear Core Propulsion Aluminum Leg Leg Aluminum Leg Utility Improved Heat Sink Device Improved Heat Sink Processor Visual Processing Unit Protection Scrap Shield Weapon Light Assault Rifle Energy Gun Small Laser Energy Cannon Beam Cannon Ballistic Gun Light Assault Rifle Build | -11 -10 -10 -10 ------- Run | Yrd Mat Min Sub Slots Evolved . | . . . . Power . | . . . . Propulsion . | . . . . Utility . | . . . . Weapon . | . . . . Parts Attached 20 | 6 12 . 2 Power 3 | 2 1 . . Engine 2 | 2 . . . Core 1 | . 1 . . Reactor . | . . . . Propulsion 5 | 2 3 . . Treads . | . . . . Leg 5 | 2 3 . . Wheel . | . . . . Hover . | . . . . Flight . | . . . . Utility 5 | . 4 . 1 Device 3 | . 3 . . Storage . | . . . . Processor 1 | . 1 . . Hackware . | . . . . Protection 1 | . . . 1 Artifact . | . . . . Weapon 7 | 2 4 . 1 Energy Gun 1 | . 1 . . Energy Cannon 3 | . 2 . 1 Ballistic Gun 3 | 2 1 . . Ballistic Cannon . | . . . . Launcher . | . . . . Special Weapon . | . . . . Impact Weapon . | . . . . Slashing Weapon . | . . . . Piercing Weapon . | . . . . Special Melee Weapon . | . . . . Unidentified Prototypes . | . . . . Parts Lost 3 | . 2 . 1 Power . | . . . . Propulsion 1 | . 1 . . Utility 1 | . . . 1 Weapon 1 | . 1 . . Highest Loss Streak 2 | . 2 . 1 To Critical Strikes . | . . . . Average Backups 3 | 1 3 5 5 Power . | . 1 . . Propulsion . | . . . . Utility . | . . 1 1 Weapon 2 | . 1 3 3 Tool/Special . | . . . . Unused Backups 4 | . 1 2 1 Power 1 | . . 1 . Propulsion . | . . . . Utility . | . . . . Weapon 3 | . 1 1 1 Tool/Special . | . . . . Average Slot Usage (%) 94 | . 91 100 90 Engine 1 | . 2 . . Core 11 | . 10 14 14 Leg 27 | . 27 28 28 Device 16 | . 19 14 4 Processor 6 | . 3 14 4 Energy Gun 1 | . 2 . . Energy Cannon 11 | . 1 28 28 Ballistic Gun 14 | . 24 . . Peak Build Rating 13 | 5 13 12 12 Average Rating 10 | 2 10 11 11 On Entrance 7 | . 5 12 12 Naked Turns . | . . . . Heaviest Build 29 | 7 12 12 29 Greatest Support 20 | 20 20 20 20 Greatest Overweight (x) 1 | 1 . . 1 Average Overweight (x) . | . . . . Largest Inventory Capacity 5 | 5 5 5 5 Average Capacity 5 | 5 5 5 5 Most Carried 5 | 5 5 5 5 Average Carried 3 | 1 3 4 4 Final Capacity 5 | 5 5 5 5 Final Carried 5 | 1 5 5 5 Class Distribution -------------------- 58% | Mutant 41% | Scavenger-Mutant Dominant Class ---------------- Mutant | -10/Materials Scavenger-Mutant | -10/Mines Mutant | -10/Subcaves Resources | -11 -10 -10 -10 ----------- Run | Yrd Mat Min Sub Matter Collected 530 | 182 328 20 . Remotely . | . . . . Salvage Created 538 | . 397 82 59 Parts 47 | . 37 5 5 Haulers Intercepted 2 | . 2 . . Recyclers Shooed . | . . . . Parts Field Recycled . | . . . . Retrieved Matter . | . . . . Parts Self-Destructed . | . . . . Prevented . | . . . . Kills | -11 -10 -10 -10 ------- Run | Yrd Mat Min Sub Combat Hostiles Destroyed 11 | . 8 2 1 Guns 8 | . 8 . . Cannons 3 | . . 2 1 Classes Destroyed 6 | . 5 . 1 Worker 1 | . 1 . . Hauler 2 | . 2 . . Watcher 2 | . 2 . . Swarmer 3 | . 3 . . Grunt 7 | . 5 2 . Subdweller 1 | . . . 1 Best Kill Streak 4 | . 4 2 1 Combat Bots Only 4 | . 4 2 1 Max Kills in Single Turn 2 | . 2 1 1 Gunslinging . | . . . . Exploded . | . . . . Melee . | . . . . Uniques/NPCs Destroyed . | . . . . Combat | -11 -10 -10 -10 -------- Run | Yrd Mat Min Sub Hostile Shots Fired 125 | . 94 13 18 Missed 29 | . 24 3 2 Hits 96 | . 70 10 16 Projectile 96 | . 70 10 16 Critical Strikes 1 | . 1 . . Damage Taken 1278 | . 805 131 342 Core 262 | . 194 11 57 Absorbed by Shields . | . . . . Regen/Repaired (Parts) 37 | . 37 . . Core Remaining (%) 100 | 100 . . . Volleys Fired 78 | . 67 6 5 Largest 2 | . 2 2 2 Hottest 120 | . 60 120 120 Shots Fired 148 | . 126 12 10 Gun 126 | . 126 . . Cannon 22 | . . 12 10 Launcher . | . . . . Special . | . . . . Kinetic 120 | . 120 . . Thermal 28 | . 6 12 10 Explosive . | . . . . Electromagnetic . | . . . . Robot Hit Streak 9 | . 9 8 3 Robot Miss Streak 4 | . 4 1 3 Penetration Max . | . . . . Secondary Targets 2 | . 2 . . Max Gunslinging Chain 1 | . 1 . . Shots Hit Robots 91 | . 77 9 5 Core Hits 36 | . 31 3 2 Critical Kills . | . . . . Critical Parts Destroyed . | . . . . Critical Strikes . | . . . . Melee Attacks . | . . . . Impact . | . . . . Slashing . | . . . . Piercing . | . . . . Sneak Attacks . | . . . . Combat Hostiles . | . . . . Follow-up Attacks . | . . . . Damage Inflicted 899 | . 639 156 104 Guns 639 | . 639 . . Cannons 260 | . . 156 104 Explosions . | . . . . Melee . | . . . . Ramming . | . . . . Kinetic 595 | . 595 . . Thermal 304 | . 44 156 104 Explosive . | . . . . Electromagnetic . | . . . . Impact . | . . . . Slashing . | . . . . Piercing . | . . . . Highest Corruption . | . . . . Average Corruption . | . . . . Corruption Purged . | . . . . Corruption Blocked . | . . . . Overload Shots . | . . . . Overflow Damage . | . . . . Projectiles . | . . . . Explosions . | . . . . Melee . | . . . . Knockbacks . | . . . . Impact . | . . . . Kinetic . | . . . . Secondary . | . . . . Self-Inflicted Damage . | . . . . Shots . | . . . . Rammed . | . . . . Targets Rammed . | . . . . Kicked . | . . . . Crushed . | . . . . Highest Temperature 180 | . 38 180 70 Average Temperature 32 | . 13 83 28 Received Heat Transfer 462 | . 327 75 60 Siege Activations . | . . . . Martial Activations . | . . . . Shielding Activations . | . . . . Robots Disrupted . | . . . . Combat Hostiles . | . . . . Robots Corrupted . | . . . . Combat Hostiles . | . . . . Parts Fried . | . . . . Impact Corruptions . | . . . . Robots Melted . | . . . . Combat Hostiles . | . . . . Parts Melted 2 | . . 1 1 Heat Transferred 655 | . 100 333 222 Parts Sabotaged . | . . . . Parts Stolen . | . . . . Parts Stripped . | . . . . Power Chain Reactions . | . . . . Alert | -11 -10 -10 -10 ------- Run | Yrd Mat Min Sub Maximum Alert Level . | . . . . Low Security (%) 100 | 100 100 100 . Level 1 . | . . . . Level 2 . | . . . . Level 3 . | . . . . Level 4 . | . . . . Level 5 . | . . . . High Security . | . . . . Max Security . | . . . . Peak Influence 100 | . 100 50 . Initial . | . . . . Average 19 | . 27 5 . Influence Increases 363 | . 313 50 . Destroy 0b10 Robot/C 200 | . 160 40 . Destroy 0b10 Robot/NC 25 | . 25 . . Destroy Leader 58 | . 48 10 . Successful Hack 20 | . 20 . . Lose Combat Pursuer 60 | . 60 . . Influence Decreases 363 | . 313 50 . Time Decay 343 | . 293 50 . Lost Part 20 | . 20 . . Squads Dispatched 2 | . 2 . . Investigation . | . . . . Extermination . | . . . . Reinforcement 2 | . 2 . . Assault . | . . . . Garrison . | . . . . Intercept . | . . . . Searches Triggered . | . . . . Construction Impeded . | . . . . Haulers Reinforced . | . . . . Active Scanning Responses . | . . . . Cargo Convoy Interrupts . | . . . . Stealth | -11 -10 -10 -10 --------- Run | Yrd Mat Min Sub Distress Signals 1 | . 1 . . Communications Jammed . | . . . . Distress Signals . | . . . . Times Spotted 31 | . 21 2 8 Peak Tracking Total 8 | . 4 2 8 Tactical Retreats 3 | . 3 . . Traps | -11 -10 -10 -10 ------- Run | Yrd Mat Min Sub Traps Triggered . | . . . . Indirectly . | . . . . Trap Hack Attempts . | . . . . Triggered . | . . . . Disarmed . | . . . . Reprogrammed . | . . . . Reused . | . . . . Traps Extracted . | . . . . Installed . | . . . . Triggered . | . . . . Machines | -11 -10 -10 -10 ---------- Run | Yrd Mat Min Sub Machines Disabled . | . . . . Max in Single Turn . | . . . . Machines Repaired . | . . . . Machines Dismantled . | . . . . Machines Sabotaged . | . . . . Overloaded Fab Kills . | . . . . Hacking | -11 -10 -10 -10 --------- Run | Yrd Mat Min Sub Machines Accessed 4 | . 4 . . Terminals 3 | . 3 . . Fabricators . | . . . . Repair Stations 1 | . 1 . . Recycling Units . | . . . . Scanalyzers . | . . . . Garrison Access . | . . . . Total Hacks 11 | . 11 . . Successful 6 | . 6 . . Failed 5 | . 5 . . Catastrophic . | . . . . Database Lockouts . | . . . . Manual 4 | . 4 . . Terminals 8 | . 8 . . Fabricators . | . . . . Repair Stations 3 | . 3 . . Recycling Units . | . . . . Scanalyzers . | . . . . Garrison Access . | . . . . Terminal Hacks 2 | . 2 . . Prototype ID Bank 1 | . 1 . . Zone Layout 1 | . 1 . . Fabricator Hacks . | . . . . Repair Station Hacks 2 | . 2 . . Scan Component 1 | . 1 . . Repair 1 | . 1 . . Recycling Unit Hacks . | . . . . Scanalyzer . | . . . . Garrison Access Hacks . | . . . . Unauthorized Hacks 2 | . 2 . . Terminals 2 | . 2 . . Botnet 1 | . 1 . . Operators 1 | . 1 . . Fabricators . | . . . . Repair Stations . | . . . . Recycling Units . | . . . . Scanalyzers . | . . . . Garrison Access . | . . . . Data Cores Recovered . | . . . . Used . | . . . . Hacking Detections 4 | . 4 . . Full Trace Events 1 | . 1 . . Feedback Events . | . . . . Feedback Blocked . | . . . . Robot Schematics Acquired . | . . . . Robots Built . | . . . . Authchips . | . . . . Time . | . . . . Total Robot Build Rating . | . . . . Part Schematics Acquired . | . . . . Parts Built . | . . . . Authchips . | . . . . Time . | . . . . Total Part Build Rating . | . . . . Parts Repaired 1 | . 1 . . Time 38 | . 38 . . Parts Recycled . | . . . . Recycled Matter . | . . . . Retrieved Matter . | . . . . Retrieved Components . | . . . . Parts Scanalyzed . | . . . . Part Schematics Acquired . | . . . . Parts Damaged . | . . . . Bothacking | -11 -10 -10 -10 ------------ Run | Yrd Mat Min Sub Used RIF Installer . | . . . . Robots Hacked . | . . . . Non-combat . | . . . . Combat . | . . . . Robot Hacks Applied . | . . . . Relay Couplers Released . | . . . . Fabnet Peak Effective % . | . . . . Robots Rewired . | . . . . Allies Hacked . | . . . . Hacks Repelled . | . . . . Allies | -11 -10 -10 -10 -------- Run | Yrd Mat Min Sub Total Allies . | . . . . Largest Group . | . . . . Highest-Rated Group . | . . . . Highest-Rated Ally . | . . . . Total Orders . | . . . . Ally Attacks . | . . . . Total Damage . | . . . . Kills . | . . . . Allies Corrupted . | . . . . Allies Melted . | . . . . Intel | -11 -10 -10 -10 ------- Run | Yrd Mat Min Sub Active Infowar (turns) 867 | . 425 426 16 Optics 628 | . 186 426 16 Sensors 425 | . 383 42 . Robot Analysis Total . | . . . . Derelict Logs Recovered 2 | . . 2 . Drone Launches . | . . . . Drone Recoveries . | . . . . Exploration | -11 -10 -10 -10 ------------- Run | Yrd Mat Min Sub Turns Passed 1371 | 45 822 426 78 Spaces Moved 821 | 37 422 327 35 Core 21 | 21 . . . Treads . | . . . . Legs 800 | 16 422 327 35 Wheels . | . . . . Hover . | . . . . Flight . | . . . . Fastest Speed 50 | 50 120 120 120 Average Speed 120 | 91 120 120 164 Slowest Speed 190 | 120 120 120 190 Overloaded Moves . | . . . . Propulsion Burnouts . | . . . . Robots Hopped . | . . . . Potential Cave-ins . | . . . . Cave-ins Triggered . | . . . . Exploration Rate (%) 36 | 3 61 78 4 Regions Visited 3 Branch Regions 2 Pre-discovered Areas . | . . . . Known Exits Taken . | . . . . Unknown Exits Taken 3 | 1 1 1 . Scrap Searched 3 | . . 3 . Spaces Dug . | . . . . Terrain Destroyed . | . . . . Melee . | . . . . Projectile . | . . . . AOE . | . . . . Terrain Rammed . | . . . . Walls Destroyed . | . . . . Machines Disabled . | . . . . Actions | -11 -10 -10 -10 --------- Run | Yrd Mat Min Sub Total 1080 | 48 637 348 47 Wait 118 | . 108 10 . Move 818 | 36 421 326 35 Hop . | . . . . Pick Up 26 | 6 17 2 1 Fast Attach 1 | . . . 1 Attach 11 | 5 6 . . Detach 3 | . 1 . 2 Swap 12 | 1 8 2 1 Drop 13 | . 9 2 2 Fire 78 | . 67 6 5 Melee . | . . . . Ram . | . . . . Kick . | . . . . Crush . | . . . . Escape Stasis . | . . . . Rewire . | . . . . Trap . | . . . . Miscellaneous . | . . . . Route ------- -11/Scrapyard -10/Materials -10/Mines (discovered 3 exits: *Mat x2 / [*Sub]) -10/Subcaves History --------- Turn | Location | Event 20 | -11/Scrapyard | Discovered new exit (range 14) 46 | -11/Scrapyard | Entered Materials 279 | -10/Materials | Core integrity fell below 50% 308 | -10/Materials | Build established: Mutant 415 | -10/Materials | Discovered new exit (range 16) 546 | -10/Materials | Derelicts attacked the area 733 | -10/Materials | Repaired Lgt. Nuclear Core 868 | -10/Materials | Entered Mines 1043 | -10/Mines | Core integrity fell below 20% 1077 | -10/Mines | Discovered new exit (range 17) 1093 | -10/Mines | Received a Rocket Launcher from a helpful Derelict 1152 | -10/Mines | Identified exit to Materials 1253 | -10/Mines | Learned Materials interactive machine intel 1273 | -10/Mines | Discovered new exit (range 14) 1294 | -10/Mines | Entered Subcaves 1295 | -10/Subcaves | Approached by a straggling Scientist 1305 | -10/Subcaves | Build established: Scavenger-Mutant 1351 | -10/Subcaves | Ambushed by swarm of Subdwellers 1357 | -10/Subcaves | Ambushed by Subdwellers from Twisted Machinery 1372 | -10/Subcaves | Destroyed by 3U-7V3(R) with Subdweller Machine Gun Last Messages --------------- 01354_ 38-42G(R) suffers critical hit (Destroy). 01355_ 3U-7V3(R) emerges from the Twisted Machinery. 01355_ AS-M32(g): "Sorry we're late! Had another grouchy Sub to deal with. Who's the new fellow?" 01356_ C6-IDG(R) emerges from the Twisted Machinery. 01357_ 02-Y49(R) emerges from the Twisted Machinery. 01357_ 7Z-4AG(R) emerges from the Twisted Machinery. 01357_ HV Slug penetrates 38-42G(R). 01357_ HV Slug penetrates Twisted Machinery. 01357_ AD-ZQP(R) angrily emerges from the Twisted Machinery. 01364_ 8J-AL8(R) suffers critical hit (Burn). 01364_ 8J-AL8(R) destroyed. 01366_ 3W-E0T(g) destroyed. 01367_ AD-ZQP(R) suffers critical hit (Burn). 01368_ 02-Y49(R) knocked back. 01369_ 7Z-4AG(R) suffers critical hit (Burn). 01370_ Sub. Optics melted. 01370_ C6-IDG(R) destroyed. 01370_ Scrap Shield destroyed. 01371_ 7Z-4AG(R) destroyed. Map ----- +----------------------------------------------------+ | ?????????????????????????????????????????????????? | | ?????????????????????????????????????????????????? | | ?????????????????????????????????????????????????? | | ?????????????????????????????????????????????????? | | ?????????????????????????????????????????????????? | | ?????????????????????????????????????????????????? | | ?????????????????????????????????????????????????? | | ?????????????????????????????????????????????????? | | ?????????????????????????????????????????????????? | | ?????????????????????????????????????????????????? | | #????????????????????????????????????????????????? | | ##???????????????????????????????????????????????? | | #???????????????????????????????????????????????? | | ###?????????????????????????????????????????????? | | #?????????????????????????????????????????????? | | #??????????????????????????????????????????????? | | #??????????????????????????????????????????????? | | ####????????????????????????????????????????????? | | #? #????????????????????????????????????????????? | | ## ##???????????????????????????????????????????? | | #???????????????????????????????????????????? | | #################????????##?????????????????? | | ## # ## ## ###????? #?????????????????? | | ###?# ###?? ##????????????????? | | #???# ## ##???????????????? | | ##### ### ##; = @ ##??????????????? | | # # ##?###### % #??????????????? | | ## ] #?????# ggh & #??????????????? | | ?## ## ##?????## &%&R &]& #??????????????? | | ??#######???????# &RR R%! ## #??????????????? | | ????????????????# R*&!;#?# #????????????? | | ?????????????? ; #%&##?? < ???????????? | | ???????????? ######????## ???????????? | | ???????????# ##### ???????????? ???????????? | | ???????????##?????####????????????? ???????????? | | ???????????????????????????????????? ????????????? | | ?????????????????????????????????????????????????? | | ?????????????????????????????????????????????????? | | ?????????????????????????????????????????????????? | | ?????????????????????????????????????????????????? | | ?????????????????????????????????????????????????? | | ?????????????????????????????????????????????????? | | ?????????????????????????????????????????????????? | | ?????????????????????????????????????????????????? | | ?????????????????????????????????????????????????? | | ?????????????????????????????????????????????????? | | ?????????????????????????????????????????????????? | | ?????????????????????????????????????????????????? | | ?????????????????????????????????????????????????? | | ?????????????????????????????????????????????????? | +----------------------------------------------------+ Best States ------------- Heat Dissipation 53 Energy Generation 14 Energy Capacity 250 Matter Stores 300 Matter Capacity 300 Sight Range 18 Robot Scan Range 14 Terrain Scan Density 10 Armor Coverage 800 Evasion (%) 55 Item Schematics ----------------- None Robot Schematics ------------------ None Fabricated ------------ Nothing Repaired ---------- Lgt. Nuclear Core | 26% | -10/Materials Alien Tech Used ----------------- None Achievements -------------- None Challenges ------------ None Game ------ Seed SpacefoldDamperPlatform Manual? 0 Play Time 00:19:14 Cumulative 51.2 hours Start 2025.05.28 @ 12:39:59 End 2025.05.28 @ 13:00:29 Sessions 1 Manual Loads 0 Difficulty Rogue Special Mode None Game No. 104 Rogue 104 Adventurer 0 Explorer 0 Win Type - Total 0 Types 0/0/0/0/0/0/0/0/0/0 Lore% 15 Gallery% 28 Achievement% 24 Wizard Run 0 Options --------- Layout 0 ASCII 0 Keyboard 0 Movement Mouse Keybinds 0 Fullscreen 1 Font 24/Smallcaps Map View 76x50 Zoom Use 0% Tactical HUD 1 Map Filters NONE Filters NONE Steam 1 RUN: 7bb409de-0608-4aec-81e8-a477272c1bc5